 Dungeon Crawl Stone Soup version 0.29.1-15-g9cfb28693d (webtiles) character file.

Game seed: 11554010753435004863

1795 Cheops the Spear-Bearer (level 9, -3/61 HPs)
             Began as a Merfolk Gladiator on Mar 28, 2023.
             Killed by divine providence
             ... invoked by an orc priest
              (11 damage)
             ... on level 6 of the Dungeon.
             The game lasted 00:14:32 (5401 turns).

Cheops the Spear-Bearer (Merfolk Gladiator)         Turns: 5401, Time: 00:14:32

Health: -3/61      AC: 11    Str: 19    XL:     9   Next: 9%
Magic:  0/9        EV: 18    Int:  7    God:
Gold:   281        SH:  0    Dex: 15    Spells: 8/8 levels left

rFire   . . .      SeeInvis .   x - +2 quarterstaff (spect)
rCold   . . .      Faith    .   (shield currently unavailable)
rNeg    . . .      Spirit   +   F - +4 ring mail
rPois   .          Reflect  .   c - +0 helmet
rElec   .          Harm     .   r - +0 cloak
rCorr   .          Rampage  .   (no gloves)
Will    .....                   (no boots)
Stlth   +.........              E - amulet of guardian spirit
HPRegen 0.20/turn               H - +4 ring of evasion
MPRegen 0.11/turn               (no ring)

@: no status effects
A: (nimble swimmer 2), mertail
a: no special abilities


You were on level 6 of the Dungeon.
You visited 2 branches of the dungeon, and saw 7 of its levels.

You collected 281 gold pieces.

Inventory:

Hand Weapons
 a - a +0 trident
 v - a +2 quarterstaff of chaos
 w - a +3 hammer
 x - a +2 spectral quarterstaff (weapon)
 G - a +1 vorpal spear
Missiles
 d - 3 throwing nets (quivered)
 e - a javelin
Armour
 b - a +0 leather armour
 c - a +0 helmet (worn)
 r - a +0 cloak (worn)
 C - a +2 scale mail of fire resistance
 F - a +4 ring mail (worn)
 I - a +2 kite shield of fire resistance
Jewellery
 E - an amulet of guardian spirit (around neck)
 H - a +4 ring of evasion (left hand)
Wands
 g - a wand of roots (12)
 K - a wand of quicksilver (5)
Scrolls
 f - 2 scrolls of enchant weapon {unknown}
 h - a scroll of enchant armour {unknown}
 i - a scroll of blinking {unknown}
 j - a scroll of immolation {unknown}
 k - a scroll of butterflies {unknown}
 l - 2 scrolls of magic mapping
 n - 2 scrolls of noise {unknown}
 p - 3 scrolls of teleportation
 q - 2 scrolls of vulnerability {unknown}
 s - a scroll of brand weapon {unknown}
 u - 4 scrolls of identify {unknown}
 y - 2 scrolls of summoning
 z - a scroll of amnesia {unknown}
 B - a scroll of fear {unknown}
Potions
 m - 2 potions of curing
 o - a potion of heal wounds {unknown}
 t - a potion of flight {unknown}
 A - a potion of mutation {unknown}
 D - a potion of haste {unknown}
 J - 2 potions of brilliance {unknown}


   Skills:
 - Level 2.1 Fighting
 - Level 14.0 Polearms
 - Level 2.0 Throwing
 + Level 0.7 Armour
 - Level 7.0 Dodging


You had 8 spell levels left.
You didn't know any spells.
Your spell library contained the following spells:

 Spells                   Type           Power      Damage    Failure   Level
 Ensorcelled Hibernation  Hex/Ice        0%         N/A       77%         2
 Passwall                 Tmut/Erth      0%         N/A       77%         2
 Portal Projectile        Hex/Tloc       0%         N/A       94%         3
 Swiftness                Air            0%         N/A       94%         3
 Tukima's Dance           Hex            0%         N/A       94%         3
 Blade Hands              Tmut           0%         N/A       100%        5


Dungeon Overview and Level Annotations

Branches:
Dungeon (6/15)             Temple (1/1) D:6

Altars:
Cheibriados
Dithmenos
Elyvilon
Gozag
Hepliaklqana
Nemelex Xobeh
Okawaru
Ru
Sif Muna
Uskayaw
Yredelemnul
Zin


Innate Abilities, Weirdness & Mutations

((You are very nimble when in or above water. (Stealth+, EV+, Speed+++)))
Your lower body shifts to a powerful aquatic tail in water.


Message History

The orc priest shouts!
The orc wizard hits your +2 spectral quarterstaff with a +0 dagger.
You sock the orc wizard!
You kill the orc wizard!
The orc priest mumbles some strange prayers to Beogh against you.
Beogh smites you!
You barely miss something.
Your +2 spectral quarterstaff hits something.
The orc priest invokes the aid of Beogh against you.
Beogh smites you!
* * * LOW HITPOINT WARNING * * *
You hear some strange, mumbled words.
A puff of flame appears from out of thin air!
The puff of flame hits you but does no damage.
You hit something but do no damage.
Your +2 spectral quarterstaff closely misses something.
Something hits you but does no damage.
The orc priest miscasts a cantrip.
The orc wizard casts a spell.
The orc wizard flickers and vanishes!
You closely miss something.
Your +2 spectral quarterstaff barely misses something.
Something hits your +2 spectral quarterstaff.
You miss something.
Your +2 spectral quarterstaff closely misses something.
Something barely misses your +2 spectral quarterstaff.
The orc priest miscasts a cantrip.
The orc priest mumbles some strange prayers to Beogh against you.
Beogh smites you!
* * * LOW HITPOINT WARNING * * *
The orc priest mumbles some strange prayers to Beogh against you.
Beogh smites you!
* * * LOW HITPOINT WARNING * * *
An orc wizard comes into view. It is wielding a +2 dagger of venom.
You hear some strange, mumbled words.
Something tries to affect you, but you resist.
The orc priest casts a cantrip, but nothing happens.
Unknown command.
The orc priest invokes the aid of Beogh against you.
Beogh smites you!
You die...

..........,.....#
*,,,,,**,*
..†#######*#..$.#
*,,,,,,,,* ##.#
###### ****+*****
#.# *,,* #.# *,**
#.## *#####,*
#..##### ###o.ooo,*
#..†...#
#####.)o#*****
#......#
####.@...#**
#......####....#####
##..#####...####
##.......###
***#######.#
************
,,,,,,,,,.>#
*,,,,,,,,,,,
********####
*,**********
,,,,,,,* *,*
******,* *,*


You could see 2 orc priests and an orc.

Vanquished Creatures
  A two-headed ogre (D:5)
  Sigmund (D:3)
  A water moccasin (D:5)
  An ice beast (D:5)
  2 ogres (D:5)
  2 gnoll sergeants (D:6)
  A scorpion (D:6)
  2 orc priests
  2 hounds
  Crazy Yiuf (D:3)
  Jessica (D:3)
  An iguana (D:6)
  5 orc wizards
  4 gnolls (D:6)
  3 adders
  2 white imps (D:5)
  An ufetubus (D:5)
  2 worms
  A dart slug (D:5)
  13 orcs
  3 ball pythons
  11 endoplasms
  4 giant cockroaches
  5 goblins
  7 hobgoblins
  3 jackals (D:3)
  3 quokkas
  6 bats
  2 frilled lizards
  4 kobolds
  10 rats
105 creatures vanquished.

Vanquished Creatures (others)
  9 plants
9 creatures vanquished.

Grand Total: 114 creatures vanquished

Notes
Turn   | Place    | Note
-------+----------+-------------------------------------------
     0 | D:1      | Cheops the Merfolk Gladiator began the quest for the Orb.
     0 | D:1      | Reached XP level 1. HP: 16/16 MP: 1/1
   150 | D:1      | Reached XP level 2. HP: 22/22 MP: 2/2
   220 | D:1      | Reached skill level 5 in Polearms
   447 | D:1      | Reached XP level 3. HP: 11/27 MP: 3/3
   807 | D:1      | Found a faded altar of an unknown god.
  1179 | D:2      | Reached skill level 6 in Polearms
  1415 | D:2      | Reached XP level 4. HP: 9/33 MP: 4/4
  2182 | D:3      | Noticed Sigmund
  2192 | D:3      | Killed Sigmund
  2193 | D:3      | Reached skill level 8 in Polearms
  2193 | D:3      | Reached XP level 5. HP: 31/38 MP: 5/5
  2193 | D:3      | Reached XP level 6. HP: 36/44 MP: 6/6
  2329 | D:3      | Reached skill level 9 in Polearms
  2604 | D:3      | Noticed Jessica
  2607 | D:3      | Killed Jessica
  2633 | D:3      | Found a runed translucent door.
  2634 | D:3      | Noticed Crazy Yiuf
  2935 | D:3      | Killed Crazy Yiuf
  3895 | D:5      | Entered Level 5 of the Dungeon
  4047 | D:5      | Reached skill level 10 in Polearms
  4047 | D:5      | Reached XP level 7. HP: 46/50 MP: 7/7
  4231 | D:5      | Reached skill level 11 in Polearms
  4624 | D:5      | Noticed a two-headed ogre
  4685 | D:5      | Killed a two-headed ogre
  4686 | D:5      | Reached skill level 13 in Polearms
  4686 | D:5      | Reached XP level 8. HP: 39/56 MP: 5/8
  4844 | D:5      | Reached skill level 14 in Polearms
  4851 | D:5      | Found a sparkling altar of Nemelex Xobeh.
  4894 | D:6      | Found a staircase to the Ecumenical Temple.
  4901 | Temple   | Entered the Ecumenical Temple
  5139 | D:6      | Reached skill level 5 in Dodging
  5159 | D:6      | Reached XP level 9. HP: 39/61 MP: 4/9
  5401 | D:6      | Killed from afar by an orc priest

Illustrated notes

Levels and vault maps discovered:
D:1:      lightli_arrival_flooded_house, layout_basic,
          chequers_ecumenical_altar_simple, minmay_cut_off
D:2:      layout_basic
D:3:      wad_lake_hut, layout_basic, uniq_crazy_yiuf_cottage, uniq_sigmund,
          uniq_jessica
D:4:      layout_basic, bh_walls_and_bars
D:5:      layout_loops_ring, nemelex_dance_club_becter, fountainhead
D:6:      layout_basic, minmay_temple_entry_mist, nicolae_shop_dragon_depot,
          nicolae_grassy_gnolls, uniq_edmund
Temple:   minmay_temple_curvy_loop

Skill      XL: |  1  2  3  4  5  6  7  8  9 |
---------------+----------------------------+-----
Polearms       | 5 6 8 10 13 14 | 14.0
Dodging        | 6 7 |  7.0
Fighting       | |  2.1
Throwing       | |  2.0
Armour         | |  0.7

Action                   |  1- 3 |  4- 6 |  7- 9 || total
-------------------------+-------+-------+-------++-------
Melee: Trident           |   129 |    65 |       ||   194
       Quarterstaff      |       |    28 |    77 ||   105
       Tailslap          |       |     2 |     4 ||     6
       Punch             |       |     1 |       ||     1
  Use: Potion            |     1 |     3 |       ||     4
       Scroll            |       |       |     2 ||     2
 Stab: Sleeping          |     4 |     1 |       ||     5
Armor: Leather armour    |    28 |     8 |       ||    36
       Skin              |    10 |       |       ||    10
       Scale mail        |       |     7 |    14 ||    21
       Ring mail         |       |       |    22 ||    22
Dodge: Dodged            |    58 |    31 |    35 ||   124
